 Dungeon Crawl Stone Soup version 0.27.1-35-g4d5d836560 (webtiles) character file.

Game seed: 15985792478661458735

14 Delamore the Sneak (level 2, -3/19 HPs)
             Began as an Octopode Brigand on Apr 18, 2022.
             Slain by a gnoll (9 damage)
             ... on level 1 of the Dungeon.
             The game lasted 00:01:00 (529 turns).

Delamore the Sneak (Octopode Brigand)                Turns: 529, Time: 00:01:01

Health: -3/19      AC:  1    Str: 10    XL:     2   Next: 41%
Magic:  2/2        EV: 12    Int: 13    God:
Gold:   16         SH:  0    Dex: 13    Spells: 1/1 levels left

rFire    . . .     SeeInvis .   a - +2 dagger
rCold    . . .     Faith    .   (no shield)
rNeg     . . .     Spirit   .   (helmet restricted)
rPois    .         Reflect  .   (no amulet)
rElec    .         Harm     .   (no ring)
rCorr    .         Rampage  .   (no ring)
Will     .....                  (no ring)
Stlth    ++++......             (no ring)
HPRegen  0.06/turn              (no ring)
MPRegen  0.08/turn              (no ring)
                                (no ring)
                                (no ring)

@: no status effects
A: almost no armour, amphibious, 8 rings, camouflage 1, gelatinous body 1,
(nimble swimmer 1), tentacles
a: no special abilities


You were on level 1 of the Dungeon.
You visited 1 branch of the dungeon, and saw 2 of its levels.

You collected 16 gold pieces.

Inventory:

Hand Weapons
 a - a +2 dagger (weapon)
Missiles
 b - 8 poisoned darts
 c - a curare-tipped dart (quivered)
Scrolls
 d - a scroll of summoning
 e - a scroll of amnesia
 h - a scroll of silence {unknown}
Potions
 f - a potion of curing {unknown}
 i - 2 potions of heal wounds {unknown}


   Skills:
 - Level 2.0 Fighting
 * Level 2.7 Short Blades
 - Level 2.0 Throwing
 - Level 1.0 Dodging
 + Level 5.6 Stealth


You had one spell level left.
You didn't know any spells.
Your spell library was empty.

Dungeon Overview and Level Annotations

Branches:
Dungeon (2/15)

Altars:

Shops:
D:1 *


Innate Abilities, Weirdness & Mutations

You cannot wear most types of armour.
You are amphibious.
You can wear up to eight rings at the same time.
Your skin changes colour to match your surroundings (Stealth+).
Your rubbery body absorbs attacks. (AC +1, EV +1)
((You are camouflaged near water. (Stealth+)))
You have tentacles for arms and can constrict up to eight enemies at once.


Message History

You hear an angry hiss.
You hear a shout! x3
The bat closely misses you. The bat hits you but does no damage.
The bat barely misses you.
You hear a shout!
You hit the bat.
You kill the bat!
The goblin closely misses you.
A gnoll comes into view. It is wielding a +0 flail.
You hit the goblin. You grab the goblin.
The goblin is heavily wounded.
You constrict the goblin. The goblin hits you with a +0 club.
A gnoll comes into view. It is wielding a +0 halberd.
You hit the goblin.
You kill the goblin!
The gnoll barely misses you. The frilled lizard barely misses you.
The gnoll hits you from afar with a +0 halberd!
Ouch! That really hurt!
* * * LOW HITPOINT WARNING * * *
You are too injured to fight recklessly!
You are too injured to fight recklessly!
You are too injured to fight recklessly!
You are too injured to fight recklessly!
You are too injured to fight recklessly!
There are monsters nearby!
The ball python hisses angrily.
Found 11 gold pieces.
Throw: 2 darts (curare)
Press: ? - help, Q - select action, (/) - cycle Shift-Dir - straight line, f - gnoll
Aim: a gnoll, wielding a +0 flail (63% to hit)
You throw a curare-tipped dart. The curare-tipped dart hits the gnoll.
The gnoll is poisoned.
The gnoll convulses.
The gnoll seems to slow down.
The gnoll is moderately wounded.
There is a stone staircase leading up here.
You climb upwards.
There is a stone staircase leading down here.
You hit the gnoll but do no damage. Your grab misses the gnoll.
The gnoll is moderately wounded.
The gnoll hits you with a +0 flail!
You die...

##..# #.##.....#.#†#
#.[## #.##..⌠..#...#
#.#####.##.....#....
#.#..##.##..⌠..+..#.
##....##.##.....##...
#.....##.#####'###...
##.....##'####...##...
#......##...##...##...
#.#..@.##.<.''.>.##...
#.#..g.##...##...##...
#.#....#######..[##...
#......#######...##...
####......#.......####
#.########.##.##
#...#### #.#..# #
###....###...######
####...........).


You could see a gnoll (poisoned, slow).

Vanquished Creatures
  3 bats
  An endoplasm (D:1)
  3 goblins
  2 ball pythons (D:1)
  2 frilled lizards (D:1)
  4 rats (D:1)
15 creatures vanquished.

Notes
Turn   | Place    | Note
-------+----------+-------------------------------------------
     0 | D:1      | Delamore the Octopode Brigand began the quest for the Orb.
     0 | D:1      | Reached XP level 1. HP: 14/14 MP: 1/1
   147 | D:1      | Reached XP level 2. HP: 19/19 MP: 2/2
   296 | D:1      | Found Yraraxt's Assorted Antiques.
   529 | D:1      | Slain by a gnoll

Illustrated notes

Levels and vault maps discovered:
D:1:      dpeg_arrival_simpleton_b, layout_rooms, serial_shops, shop
D:2:      layout_loops_cross, serial_shops, shop_statue, minmay_pentomino_pile,
          uniq_crazy_yiuf_cottage

Action                   || total
-------------------------++-------
Melee: Dagger            ||    22
       Constrict         ||     3
       Tentacles         ||     2
Throw: Dart              ||     1
  Use: Scroll            ||     2
 Stab: Sleeping          ||     9
Armor: Skin              ||     2
Dodge: Dodged            ||    10
